 Dungeon Crawl Stone Soup version 0.31.0-32-g396128a36d (webtiles) character file.

Game seed: 15630561499452167877

1602 Minsecho the Slasher (level 8, -5/49 HPs)
             Began as a Tengu Warper on Mar 14, 2024.
             Was an Initiate of Okawaru.
             Slain by a hornet (12 damage)
             ... while paralysed by a hornet
             ... on level 7 of the Dungeon.
             The game lasted 00:16:24 (6223 turns).

Minsecho the Slasher (Tengu Warper)                 Turns: 6223, Time: 00:16:25

Health: -5/49      AC:  8    Str: 12    XL:     8   Next: 94%
Magic:  12/12      EV:  2    Int: 13    God:    Okawaru [......]
Gold:   83         SH:  0    Dex: 16    Spells: 3/11 levels left

rFire   . . .        D - +2 falchion (holy)
rCold   . . .        (no shield)
rNeg    . . .        b - +0 leather armour
rPois   +            (helmet restricted)
rElec   .            n - scarf {repulsion}
rCorr   .            r - +0 pair of gloves
SInv    .            (boots unavailable)
Will    .....        G - amulet of regeneration
Stlth   ++           A - +4 ring of protection
HPRegen 1.08/turn    g - ring of poison resistance
MPRegen 0.13/turn

%: repel missiles, acrobat
@: paralysed, lethally poisoned (-5 -> -8), flying, slowed
A: beak, talons 3, evasive flight, acrobatic
a: Renounce Religion


You were on level 7 of the Dungeon.
You worshipped Okawaru.
Okawaru was noncommittal.
You visited 2 branches of the dungeon, and saw 8 of its levels.

You collected 275 gold pieces.
You spent 192 gold pieces at shops.

Inventory:

Hand Weapons
 a - a +0 falchion
 z - a +0 long sword
 D - a +2 falchion of holy wrath (weapon)
Missiles
 d - 4 darts of dispersal
 m - 30 stones
 o - 3 boomerangs (quivered)
Armour
 b - a +0 leather armour (worn)
 n - a scarf of repulsion (worn)
 r - a +0 pair of gloves (worn)
Jewellery
 g - a ring of poison resistance (right hand)
 l - a ring of willpower
 A - a +4 ring of protection (left hand)
 E - a ring of willpower
 G - an amulet of regeneration (around neck)
 H - a ring of ice
 N - a +6 ring of dexterity
Talismans
 B - a maw talisman
Wands
 v - a wand of mindburst (8)
 y - a wand of flame (9)
Scrolls
 c - 2 scrolls of blinking
 e - 3 scrolls of fear {unknown}
 h - a scroll of amnesia {unknown}
 k - a scroll of butterflies {unknown}
 q - 2 scrolls of teleportation {unknown}
 t - 2 scrolls of poison {unknown}
 u - a scroll of noise {unknown}
 w - a scroll of enchant weapon {unknown}
 C - 2 scrolls of fog {unknown}
 F - a scroll of enchant armour {unknown}
 I - a scroll of silence {unknown}
 J - a scroll of immolation {unknown}
 M - a scroll of vulnerability {unknown}
Potions
 f - 2 potions of magic
 i - 2 potions of heal wounds
 j - a potion of lignification
 p - a potion of enlightenment
 s - a potion of brilliance
 x - a potion of berserk rage
 K - a potion of ambrosia
 L - a potion of mutation {unknown}


   Skills:
 * Level 5.1 Fighting
 + Level 6.0 Long Blades
 + Level 2.9 Throwing
 * Level 3.6 Armour
 + Level 3.7 Dodging
 + Level 1.9 Stealth
 + Level 2.2 Spellcasting
 * Level 4.8 Conjurations
 * Level 2.5 Summonings
 + Level 2.9 Translocations
 - Level 4.0 Air Magic
 + Level 0.4 Evocations


You had 3 spell levels left.
You knew the following spells:

 Your Spells              Type           Power      Damage    Failure   Level
a - Blink                 Tloc           18%        N/A       14%         2
b - Momentum Strike       Conj/Tloc      22%        3d8       10%         2
c - Teleport Other        Tloc           9%         N/A       28%         3
d - Summon Small Mammal   Summ           32%        N/A       11%         1

Your spell library contained the following spells:

 Spells                   Type           Power      Damage    Failure   Level
 Apportation              Tloc           18%        N/A       10%         1
 Sting                    Conj/Alch      28%        1d4       12%         1
 Lesser Beckoning         Tloc           18%        N/A       14%         2
 Necrotise                Necr           4%         1d4       32%         1
 Sublimation of Blood     Necr           1%         N/A       43%         2
 Vhi's Electric Charge    Tloc/Air       20%        N/A       58%         4
 Manifold Assault         Tloc           9%         N/A       67%         4
 Petrify                  Alch/Erth      1%         N/A       97%         4
 Irradiate                Conj/Alch      3%         3d12      97%         5


Dungeon Overview and Level Annotations

Branches:
Dungeon (7/15)             Temple (1/1) D:6

Altars:
Ashenzari
Cheibriados
Elyvilon
Gozag
Hepliaklqana
Kikubaaqudgha
Makhleb
Nemelex Xobeh
Okawaru
Qazlal
Ru
Sif Muna
Trog
Uskayaw
Vehumet
Xom
Yredelemnul

Shops:
D:5 (

Annotations:
D:3 2 transporters, Consumeair16's ghost, amateur GnFi


Innate Abilities, Weirdness & Mutations

You have a beak for a mouth.
You have claws for feet.
Your magical flight helps you evade attacks. (EV +4)
You can magically evade attacks while moving or waiting.


Message History

The hornet resists with significant effort.
The hornet barely misses you. The hornet misses you. The iguana bites you.
Unknown command.
You hit the hornet. You claw the hornet, but do no damage.
The hornet is severely wounded.
The hornet closely misses you. The iguana closely misses you.
You barely miss the hornet. Your kick misses the hornet. You peck the hornet.
The hornet is severely wounded.
The hornet stings you but does no damage.
The hornet closely misses you. The iguana bites you!
You completely miss the hornet. Your kick misses the hornet.
The hornet is severely wounded.
The hornet barely misses you. The iguana barely misses you.
You closely miss the hornet. You claw the hornet. You peck the hornet.
The hornet is severely wounded.
The hornet closely misses you. x2; The iguana closely misses you.
You miss the hornet. Your kick misses the hornet.
The hornet is severely wounded.
The hornet completely misses you. The iguana barely misses you.
You closely miss the hornet. You claw the hornet. You peck the hornet.
The hornet is almost dead.
The hornet closely misses you. x2; The iguana barely misses you.
You closely miss the hornet. Your peck misses the hornet.
The hornet is almost dead.
The hornet stings you!
You feel yourself slow down. The iguana misses you.
You hit the hornet but do no damage. Your kick misses the hornet.
The hornet is almost dead.
The hornet stings you.
You are poisoned.
You suddenly lose the ability to move!
The hornet stings you. The iguana bites you!
* * * LOW HITPOINT WARNING * * *
The hornet stings you.
* * * LOW HITPOINT WARNING * * *
You feel as though you will be slow longer.
You feel very sick. The iguana bites you.
* * * LOW HITPOINT WARNING * * *
The hornet stings you!
You die...

#.......... ####
#........# #...
#........####
#....#............
#....#.......###########
#........#.............#
#.......##.#.#########.#
#.......##.#.#########.#
#......@##.#.#..........
#.....ly#....#.#######.#
#######..^.### #.#
#.##.# #.# #.##.. #.#
#.# #.# #.# #.# #.# #.#
#


You could see a hornet and an iguana.

Vanquished Creatures
  A water moccasin (D:6)
  2 sky beasts
  2 black bears
  A centaur (D:5)
  2 ogres
  A phantom (D:5)
  A bullfrog (D:6)
  A howler monkey (D:5)
  2 bombardier beetles
  3 hounds
  A gnoll bouda (D:5)
  2 orc priests
  3 iguanas
  Terence (D:2)
  4 orc wizards
  7 adders
  5 gnolls (D:5)
  2 white imps
  2 ufetubi (D:6)
  3 ribbon worms
  2 dart slugs
  15 orcs
  6 ball pythons
  12 bats
  6 endoplasms
  A giant cockroach (D:4)
  7 goblins
  11 hobgoblins
  4 jackals (D:1)
  3 quokkas
  8 frilled lizards
  7 kobolds
  8 rats
136 creatures vanquished.

Notes
Turn   | Place    | Note
-------+----------+-------------------------------------------
     0 | D:1      | Minsecho the Tengu Warper began the quest for the Orb.
     0 | D:1      | Reached XP level 1. HP: 12/12 MP: 4/4
   102 | D:1      | Reached XP level 2. HP: 17/17 MP: 6/6
   304 | D:1      | Reached XP level 3. HP: 21/21 MP: 7/7
   399 | D:1      | Learned a level 2 spell: Blink
   593 | D:1      | You fall into a shaft and drop 1 floor!
   656 | D:1      | Reached skill level 3 in Long Blades
  1180 | D:2      | Found a snail-covered altar of Cheibriados.
  1432 | D:2      | Noticed Terence
  1440 | D:2      | HP: 1/22 [Terence/+0 mace (9)]
  1592 | D:2      | Reached XP level 4. HP: 22/27 MP: 8/8
  1722 | D:2      | Found a faded altar of an unknown god.
  1907 | D:2      | Killed Terence
  2069 | D:2      | Reached XP level 5. HP: 28/32 MP: 9/9
  2221 | D:3      | Reached skill level 1 in Conjurations
  2320 | D:3      | Found a transporter.
  2322 | D:3      | Noticed Consumeair16's ghost (amateur GnFi)
  2498 | D:3      | Found a transporter.
  2866 | D:3      | Found a snail-covered altar of Cheibriados.
  3061 | D:4      | Reached XP level 6. HP: 37/37 MP: 10/10
  3335 | D:4      | Noticed a black bear
  3341 | D:4      | Killed a black bear
  3342 | D:4      | Reached skill level 4 in Long Blades
  3342 | D:4      | Reached skill level 1 in Air Magic
  3833 | D:5      | Entered Level 5 of the Dungeon
  3864 | D:4      | Gained mutation: Your magical flight helps you evade
                  | attacks. (EV +4) [Tengu growth]
  3864 | D:4      | Reached XP level 7. HP: 12/42 MP: 11/11
  4357 | D:5      | Reached skill level 1 in Stealth
  4783 | D:5      | Found a radiant altar of Vehumet.
  4808 | D:5      | Learned a level 2 spell: Momentum Strike
  4812 | D:5      | Learned a level 3 spell: Teleport Other
  4814 | D:5      | Learned a level 1 spell: Summon Small Mammal
  4871 | D:5      | Found Piem's Antique Weapon Emporium.
  4878 | D:5      | Bought a glowing falchion for 192 gold pieces
  4923 | D:5      | Reached skill level 5 in Long Blades
  4923 | D:5      | Reached XP level 8. HP: 46/48 MP: 12/12
  5256 | D:6      | Reached skill level 1 in Summonings
  5288 | D:6      | Found a shimmering blue altar of Sif Muna.
  5301 | D:6      | Found a sparkling altar of Nemelex Xobeh.
  5302 | D:6      | Found an opulent altar of Gozag.
  5392 | D:6      | Found a staircase to the Ecumenical Temple.
  5392 | D:6      | Found a burning altar of Makhleb.
  5441 | Temple   | Entered the Ecumenical Temple
  5478 | Temple   | Became a worshipper of Warmaster Okawaru
  5873 | D:6      | Found a hide-covered altar of Uskayaw.
  6081 | D:7      | Reached skill level 5 in Fighting
  6188 | D:7      | Reached skill level 6 in Long Blades
  6210 | D:7      | Noticed a hornet
  6222 | D:7      | Paralysed by a hornet for 2 turns
  6223 | D:7      | Slain by a hornet

Illustrated notes

Levels and vault maps discovered:
D:1:      minmay_arrival_doors, layout_loops_ring, nrook_uturn
D:2:      layout_loops_corners, basic_altar, shapermc_ecumenical_altar_pompeii,
          uniq_terence
D:3:      layout_basic, cheibrodos_worm_habitat, gammafunk_ghost_mausoleum
D:4:      layout_gridville
D:5:      layout_loops_ring, mainiacjoe_overflow_chevrons, serial_shops,
          shop_fountains, nicolae_zig_zag_zippers
D:6:      layout_basic, grunt_temple_overflow_opulence, bloody_makhleb,
          eat_drink_and_be_merry_uskayaw, mainiacjoe_overflow_catwalk,
          minmay_temple_entry_junction_2, grunt_decor_clamped
D:7:      layout_basic, nicolae_overflow_squiral, enter_ossuary_2, uniq_duvessa
Temple:   zaba_magenta_temple

Skill      XL: |  1  2  3  4  5  6  7  8 |
---------------+-------------------------+-----
Long Blades    | 3 4 5 6 |  6.0
Armour         | 2 3 |  3.6
Fighting       | 3 4 5 |  5.1
Conjurations   | 1 2 3 4 |  4.8
Throwing       | 2 |  2.9
Air Magic      | 1 3 4 |  4.0
Stealth        | 1 |  1.9
Dodging        | 3 |  3.7
Summonings     | 2 |  2.5
Spellcasting   | |  2.2
Translocations | |  2.9
Evocations     | |  0.4

Action                     |  1- 3 |  4- 6 |  7- 9 || total
---------------------------+-------+-------+-------++-------
  Melee: Falchion          |   102 |   136 |   118 ||   356
         Kick              |    24 |    28 |    53 ||   105
         Peck              |    10 |    20 |    49 ||    79
         Punch             |       |     1 |     4 ||     5
         Long sword        |       |       |    59 ||    59
  Throw: Boomerang         |     5 |    66 |    10 ||    81
         Dart              |     3 |       |       ||     3
   Cast: Blink             |       |     2 |     4 ||     6
  Evoke: Wand              |       |     1 |     8 ||     9
    Use: Scroll            |       |     5 |     2 ||     7
   Stab: Sleeping          |     1 |     3 |     2 ||     6
 Armour: Leather armour    |    47 |    78 |    94 ||   219
  Dodge: Dodged            |    96 |   114 |   187 ||   397
         Repelled          |       |     3 |     2 ||     5
